 Dungeon Crawl Stone Soup version 0.20-a0-1058-g0491fde (webtiles) character file.

9910 MydosGodOfBeginnings the Basher (level 11, -11/90 HPs)
             Began as a Mummy Fighter on Apr 26, 2017.
             Was a High Priest of Okawaru.
             Mangled by a minotaur (21 damage)
             ... in a labyrinth.
             The game lasted 01:13:57 (12302 turns).

MydosGodOfBeginnings the Basher (Mummy Fighter)    Turns: 12302, Time: 01:13:57

Health: -11/90     AC: 14    Str: 24    XL:     11   Next: 29%
Magic:  12/12      EV: 12    Int:  7    God:    Okawaru [*****.]
Gold:   703        SH: 11    Dex: 11    Spells: 10/10 levels left

rFire    x . .     SeeInvis .   x - +0 morningstar
rCold    + . .     Gourm    .   c - +0 shield
rNeg     + + +     Faith    .   b - +0 scale mail
rPois    ∞         Spirit   .   s - +2 helmet
rElec    .         Reflect  .   p - +0 cloak
rCorr    .         Harm     .   (no gloves)
MR       +....                  A - +0 pair of boots
Stlth    +.........             u - amulet of Vitality {Regen+ HP+15}
Regen    0.7/turn               k - +1 ring of evasion
MPRegen  0.2/turn               (no ring)

@: about to teleport, heroism
A: no food or potions, fire vulnerability, cold resistance 1, negative energy
resistance 3, torment resistance, unbreathing
a: Heroism, Finesse, Renounce Religion


You were in a labyrinth.
You worshipped Okawaru.
Okawaru was extremely pleased with you.
You were not hungry.

You visited 3 branches of the dungeon, and saw 11 of its levels.
You also visited: Labyrinth and Ossuary.

You collected 703 gold pieces.

Inventory:

Hand Weapons
 a - a +0 flail
 x - a +0 morningstar (weapon)
Armour
 b - a +0 scale mail (worn)
 c - a +0 shield (worn)
 p - a +0 cloak (worn)
 s - a +2 helmet (worn)
 A - a +0 pair of boots (worn)
 G - a +0 plate armour
Jewellery
 k - a +1 ring of evasion (left hand)
 m - an uncursed ring of wizardry
 u - the amulet of Vitality (around neck) {Regen+ HP+15}
   (You found it on level 5 of the Dungeon)

   [amulet of regeneration]

   It affects your health (+15).
   It increases your rate of regeneration.
 z - an uncursed amulet of faith {unknown}
 H - a +5 amulet of reflection
Wands
 o - a wand of flame (5/48)
 q - a wand of random effects (0/48)
 r - a wand of polymorph (10/24)
 v - a wand of paralysis (11/24)
 B - a wand of iceblast (1/15)
 I - a wand of digging (17/24)
Scrolls
 d - a scroll of immolation
 e - a scroll of fog {unknown}
 f - 3 scrolls of recharging
 g - a scroll of identify
 h - 13 scrolls of remove curse
 j - 4 scrolls of teleportation
 n - a scroll of amnesia {unknown}
 w - 3 scrolls of enchant weapon {unknown}
 y - a scroll of enchant armour {unknown}
 C - a scroll of fear {unknown}
 D - a scroll of holy word {unknown}
 E - 2 scrolls of noise {unknown}
 J - 2 scrolls of blinking {unknown}
Books
 i - a book of Minor Magic

   Spells                             Type                      Level
   a - Magic Dart                     Conjuration                  1
   b - Blink                          Translocation                2
   c - Call Imp                       Summoning                    2
   d - Slow                           Hexes                        2
   e - Conjure Flame                  Conjuration/Fire             3
   f - Mephitic Cloud                 Conjuration/Poison/Air       3
 t - a book of Flames

   Spells                             Type                      Level
   a - Flame Tongue                   Conjuration/Fire             1
   b - Throw Flame                    Conjuration/Fire             2
   c - Conjure Flame                  Conjuration/Fire             3
   d - Inner Flame                    Hexes/Fire                   3
   e - Sticky Flame                   Conjuration/Fire             4
   f - Fireball                       Conjuration/Fire             5
 F - a book of Party Tricks

   Spells                             Type                      Level
   a - Summon Butterflies             Summoning                    1
   b - Apportation                    Translocation                1
   c - Lesser Beckoning               Translocation                3
   d - Tukima's Dance                 Hexes                        3
   e - Alistair's Intoxication        Transmutation/Poison         5
   f - Invisibility                   Hexes                        6


   Skills:
 - Level 3.3(8.3) Fighting
 + Level 14.0(19.0) Maces & Flails
 - Level 2.4(7.4) Armour
 - Level 0.2(5.2) Dodging
 - Level 2.7(7.7) Shields
 + Level 2.0 Invocations
 + Level 2.0 Evocations


You had 10 spell levels left.
You didn't know any spells.

Dungeon Overview and Level Annotations

Branches:
Dungeon (9/15)             Temple (0/1) D:6            Lair (1/6) D:9
    Orc (1/2) D:9

Altars:
Cheibriados
Elyvilon
Fedhas
Gozag
Makhleb
Okawaru
Ru
Uskayaw
Vehumet
Xom


Innate Abilities, Weirdness & Mutations

You do not eat or drink.
Your flesh is vulnerable to fire.
You are immune to poison.
Your flesh is cold resistant. (rC+)
You are immune to negative energy. (rN+++)
You are immune to unholy pain and torment.
You can survive without breathing.


Message History

The minotaur hits you! The minotaur closely misses you.
You sock the minotaur!
The minotaur is severely wounded.
The minotaur blocks your attack.
The minotaur is severely wounded.
The minotaur hits you!
* * * LOW HITPOINT WARNING * * *
The minotaur gores you but does no damage.
You fail to use your ability.
The minotaur hits you!
* * * LOW HITPOINT WARNING * * *
The minotaur gores you!
* * * LOW HITPOINT WARNING * * *
Unknown command.
You hit the minotaur but do no damage.
The minotaur is severely wounded.
You block the minotaur's attack. The minotaur gores you.
* * * LOW HITPOINT WARNING * * *
As you read the scroll of teleportation, it crumbles to dust.
You feel strangely unstable. The minotaur hits you!!
You die...

##### ###
#........ ..
#.######.#.
. # #.# #
#.####.# .
#.#..H@..#..
#.########
.# .... .
..# #####
### # .. ...
. ##. ...
#...... # #
##.# # . .
... # ## #
##. # .#


You could see a minotaur.

Vanquished Creatures
  A two-headed ogre (D:9)
  A gargoyle (D:5)
  2 komodo dragons (Lair:1)
  A queen bee (D:8)
  A troll (D:9)
  Prince Ribbit (D:8)
  3 yaks (D:9)
  2 wyverns (D:8)
  Eustachio (D:5)
  A warg (Orc:1)
  Duvessa (D:7)
  A water moccasin (D:9)
  2 porcupines (Lair:1)
  Purgy (D:3)
  10 orc warriors
  A phantom (D:4)
  6 ogres
  8 sky beasts
  A centaur (D:9)
  8 big kobolds
  Blork the orc (D:4)
  An elf zombie (D:7)
  2 elf skeletons (D:7)
  6 bullfrogs
  3 gnoll sergeants (D:9)
  Dowan (D:7)
  9 scorpions
  18 killer bees
  6 electric eels (D:5)
  2 crimson imps
  A bullfrog zombie (D:8)
  A hound (D:7)
  Crazy Yiuf (D:3)
  2 centaur zombies
  3 human zombies (D:7)
  4 orc wizards
  4 orc priests
  Jessica (D:2)
  Ijyb (D:5)
  Natasha (thrice) (D:2)
  An iguana (D:8)
  4 worker ants
  A big kobold zombie (Ossuary)
  3 mummies (Ossuary)
  Robin (D:4)
  9 adders
  6 gnolls (D:9)
  A scorpion zombie (Ossuary)
  A howler monkey skeleton (D:9)
  An ooze (D:2)
  3 adder skeletons
  An adder zombie (D:6)
  3 worms
  A dart slug (D:3)
  A leopard gecko (D:6)
  24 orcs
  4 giant cockroaches
  4 gnoll zombies (Ossuary)
  20 goblins
  12 hobgoblins
  14 jackals
  A quokka (D:8)
  2 ball pythons
  7 bats
  5 frilled lizards
  3 goblin zombies (Ossuary)
  2 hobgoblin zombies (Ossuary)
  30 kobolds
  4 orc skeletons (D:7)
  3 orc zombies
  11 rats
306 creatures vanquished.

Vanquished Creatures (others)
  An orc warrior (D:9)
  A bullfrog (D:9)
  3 scorpions (Ossuary)
  An orc wizard (D:9)
  An adder (D:9)
  A plant (D:5)
8 creatures vanquished.

Grand Total: 314 creatures vanquished

Notes
Turn   | Place    | Note
-------+----------+-------------------------------------------
     0 | D:1      | MydosGodOfBeginnings the Mummy Fighter began the quest for the Orb.
     0 | D:1      | Reached XP level 1. HP: 18/18 MP: 1/1
   151 | D:1      | Reached XP level 2. HP: 2/24 MP: 2/2
   552 | D:1      | Reached skill level 2 in Maces & Flails
   904 | D:1      | Reached XP level 3. HP: 21/29 MP: 3/3
  1106 | D:2      | Found a snail-covered altar of Cheibriados.
  1198 | D:2      | Found a faded altar of an unknown god.
  1472 | D:2      | Reached skill level 3 in Maces & Flails
  1495 | D:2      | Reached XP level 4. HP: 35/35 MP: 4/4
  1645 | D:2      | Noticed Jessica
  1650 | D:2      | Killed Jessica
  1986 | D:3      | Noticed Natasha
  1987 | D:3      | Noticed Purgy
  2008 | D:2      | Killed Natasha
  2008 | D:2      | Reached XP level 5. HP: 34/41 MP: 5/5
  2078 | D:2      | Noticed Natasha
  2086 | D:2      | Killed Natasha
  2086 | D:2      | Reached skill level 4 in Maces & Flails
  2659 | D:2      | Noticed Natasha
  2669 | D:2      | Killed Natasha
  2860 | D:3      | Found a burning altar of Makhleb.
  3133 | D:3      | Killed Purgy
  3133 | D:3      | Reached skill level 5 in Maces & Flails
  3133 | D:3      | Reached XP level 6. HP: 12/47 MP: 6/6
  3436 | D:3      | Found a runed door.
  3559 | D:3      | Noticed Crazy Yiuf
  3565 | D:3      | Killed Crazy Yiuf
  4224 | D:4      | Found a white marble altar of Elyvilon.
  4637 | D:4      | Noticed Blork the orc
  4649 | D:4      | Killed Blork the orc
  4649 | D:4      | Reached skill level 6 in Maces & Flails
  4649 | D:4      | Reached XP level 7. HP: 39/52 MP: 7/7
  5084 | D:4      | Noticed Robin
  5196 | D:4      | Killed Robin
  5465 | D:5      | Entered Level 5 of the Dungeon
  5939 | D:5      | Found an iron altar of Okawaru.
  5939 | D:5      | Found an opulent altar of Gozag.
  5939 | D:5      | Found a radiant altar of Vehumet.
  5941 | D:5      | Found a sacrificial altar of Ru.
  5942 | D:5      | Found a blossoming altar of Fedhas.
  5947 | D:5      | Became a worshipper of Warmaster Okawaru
  5997 | D:5      | Noticed Ijyb
  5997 | D:5      | Paralysed by Ijyb for 7 turns
  6008 | D:5      | Reached skill level 7 in Maces & Flails
  6026 | D:5      | Paralysed by Ijyb for 7 turns
  6033 | D:5      | Killed Ijyb
  6128 | D:5      | Reached skill level 1 in Evocations
  6145 | D:5      | Noticed Eustachio
  6157 | D:5      | Killed Eustachio
  6157 | D:5      | Reached XP level 8. HP: 58/58 MP: 8/8
  6373 | D:5      | Reached skill level 8 in Maces & Flails
  6412 | D:5      | Noticed a gargoyle
  6435 | D:5      | Killed a gargoyle
  7204 | D:6      | Reached * piety under Okawaru
  7213 | D:6      | Reached skill level 9 in Maces & Flails
  7347 | D:6      | Found a staircase to the Ecumenical Temple.
  7975 | D:7      | Reached XP level 9. HP: 64/64 MP: 10/10
  8064 | D:7      | Found a sand-covered staircase.
  8078 | Ossuary  | Entered an ossuary
  8097 | Ossuary  | Reached skill level 10 in Maces & Flails
  8322 | Ossuary  | Reached ** piety under Okawaru
  8581 | D:7      | Reached skill level 11 in Maces & Flails
  8649 | D:7      | Noticed Duvessa
  8650 | D:7      | Noticed Dowan
  8655 | D:7      | Killed Duvessa
  8659 | D:7      | Killed Dowan
  9246 | D:8      | Reached *** piety under Okawaru
  9374 | D:8      | Reached XP level 10. HP: 70/70 MP: 11/11
  9478 | D:8      | Noticed Prince Ribbit
  9654 | D:8      | Reached skill level 12 in Maces & Flails
  9668 | D:8      | Reached skill level 1 in Invocations
  9894 | D:8      | Found a hide-covered altar of Uskayaw.
 10048 | D:8      | Killed Prince Ribbit
 10048 | D:8      | Reached **** piety under Okawaru
 10652 | D:9      | Found a staircase to the Orcish Mines.
 10704 | D:9      | Reached skill level 13 in Maces & Flails
 11181 | D:9      | Found a shimmering altar of Xom.
 11333 | D:9      | Noticed a two-headed ogre
 11342 | D:9      | Killed a two-headed ogre
 11342 | D:9      | Reached XP level 11. HP: 75/75 MP: 9/12
 11498 | D:9      | Found a staircase to the Lair.
 11609 | D:9      | Reached ***** piety under Okawaru
 11672 | Orc:1    | Entered Level 1 of the Orcish Mines
 11846 | Lair:1   | Entered Level 1 of the Lair of Beasts
 11896 | Lair:1   | Reached skill level 14 in Maces & Flails
 11926 | Lair:1   | Found a labyrinth entrance.
 11937 | Lab      | Entered a labyrinth
 12279 | Lab      | Noticed a minotaur
 12302 | Lab      | Mangled by a minotaur

Vault maps used:
D:1:      lightli_arrival_lavapool, minmay_misc_feat_secret_circle,
          minmay_misc_feat_encased
D:2:      lemuel_doored_altar, chequers_ecumenical_altar_island,
          minmay_split_cup_small, uniq_jessica
D:3:      bloody_makhleb, uniq_purgy, uniq_crazy_yiuf_cottage, uniq_natasha
D:4:      lemuel_crystal_altar, first_bread, uniq_robin, uniq_blork_the_orc
D:5:      cheibrodos_two_vegetables, minitemple, uniq_eustachio, uniq_ijyb
D:6:      minmay_temple_entry_statues_fountains
D:7:      nicolae_ossuary_entry_catacombs, uniq_duvessa
D:8:      lemuel_crystal_altar, david_nohive_1, uniq_prince_ribbit1
D:9:      lair_entry_dummy, kennysheep_orc_monster_closet_entryway,
          xom_confusion_cloud
Lair:1:   lab_entry_generic, nicolae_lair_grove_arrangements,
          beast_lair_carwin_7
Lab:      labyrinth_spiral
Ossuary:  ossuary_minmay_scorpions

Skill      XL: |  1  2  3  4  5  6  7  8  9 10 11 |
---------------+----------------------------------+-----
Maces & Flails | 2 3 5 6 7 9 11 13 14 | 14.0
Evocations     | 1 2 |  2.0
Invocations    | 1 2 |  2.0
Fighting       | |  3.3
Armour         | |  2.4
Dodging        | |  0.2
Shields        | |  2.7

Action                   |  1- 3 |  4- 6 |  7- 9 | 10-12 || total
-------------------------+-------+-------+-------+-------++-------
Melee: Flail             |   185 |   225 |   147 |       ||   557
       Morningstar       |       |       |   390 |   574 ||   964
 Fire: Blowgun           |       |    18 |    35 |     6 ||    59
Invok: Heroism           |       |       |     4 |    12 ||    16
Evoke: Wand              |       |     9 |     9 |     5 ||    23
  Use: Scroll            |     1 |       |     8 |     4 ||    13
 Stab: Paralysed         |       |       |     4 |       ||     4
Armor: Scale mail        |   104 |   133 |   183 |   165 ||   585
Dodge: Dodged            |    51 |   105 |   138 |   144 ||   438
Block: Shield            |   100 |   140 |   168 |   208 ||   616
